 Dungeon Crawl Stone Soup version 0.19.5 (webtiles) character file.

961 MovingMist the Schismatic (level 7, -8/56 HPs)
             Began as a Demonspawn Abyssal Knight on Apr 6, 2017.
             Was an Elder of Lugonu.
             Mangled by an ogre
             ... wielding a +0 giant club
              (24 damage)
             ... on level 5 of the Dungeon.
             The game lasted 00:12:42 (3592 turns).

MovingMist the Schismatic (DsAK)                    Turns: 3592, Time: 00:12:43

Health: -8/56      AC:  8    Str: 14    XL:     7   Next: 92%
Magic:  8/12       EV: 12    Int: 13    God:    Lugonu [****..]
Gold:   196        SH:  3    Dex: 15    Spells: 1 memorised, 3 levels left

rFire  . . .     SeeInvis .     a - +1 hand axe
rCold  . . .     Gourm    .     k - +0 ring mail
rNeg   . . .     Faith    .     b - +0 buckler (curse)
rPois  +         Spirit   .     (helmet restricted)
rElec  .         Reflect  .     j - +0 cloak
rCorr  .         Harm     .     p - +0 pair of gloves
MR     .....                    s - +0 pair of boots (curse)
Stlth  ..........               (no amulet)
                                B - ring of loudness (curse)
                                z - ring of poison resistance

@: no status effects
A: horns 2, thin skeletal structure 1, spiny 1
a: Depart the Abyss, Bend Space, Banish, Corrupt, Renounce Religion


You were on level 5 of the Dungeon.
You worshipped Lugonu.
Lugonu was greatly pleased with you.
You were hungry.

You visited 1 branch of the dungeon, and saw 5 of its levels.
You visited the Abyss 1 time.

You collected 196 gold pieces.

Inventory:

Hand Weapons
 a - a +1 hand axe (weapon)
Missiles
 y - 2 tomahawks (quivered)
Armour
 b - a cursed +0 buckler (worn)
 j - a +0 cloak (worn)
 k - a +0 ring mail (worn)
 p - a +0 pair of gloves (worn)
 s - a cursed +0 pair of boots (worn)
Jewellery
 z - a ring of poison resistance (left hand)
 A - an uncursed ring of wizardry
 B - a cursed ring of loudness (right hand)
 E - a +2 ring of strength {unknown}
Scrolls
 e - 6 scrolls of recharging
 f - 2 scrolls of fear
 m - 2 scrolls of identify
 o - 2 scrolls of magic mapping
 q - 2 scrolls of immolation
 t - a scroll of fog
 v - 2 scrolls of blinking
 x - 5 scrolls of random uselessness
 G - a scroll of remove curse {unknown}
Potions
 d - 2 potions of curing
 h - 3 potions of lignification
 l - 3 potions of brilliance
 n - a potion of cancellation {unknown}
 r - a potion of ambrosia {unknown}
 u - 4 potions of flight {unknown}
 w - 3 potions of degeneration {unknown}
Books
 D - a book of Maledictions

   Spells                             Type                      Level
   a - Corona                         Hexes                        1
   b - Ensorcelled Hibernation        Hexes/Ice                    2
   c - Confuse                        Hexes                        3
   d - Tukima's Dance                 Hexes                        3
   e - Dazzling Spray                 Conjuration/Hexes            3
Comestibles
 c - 6 bread rations
 g - a royal jelly
 i - 2 meat rations
 C - 7 chunks of flesh
 F - 2 fruits


   Skills:
 + Level 5.0 Fighting
 + Level 3.9 Axes
 - Level 1.9 Armour
 + Level 3.9 Dodging
 * Level 7.6 Invocations


You had 3 spell levels left.
You knew the following spells:

 Your Spells              Type           Power        Failure   Level  Hunger
a - Confuse               Hex            #.......     100%        3    ####...


Dungeon Overview and Level Annotations

Branches:
Dungeon (5/15)
 Temple: D:4-7

Altars:
Hepliaklqana

Annotations:
Abyss:1 Sigmund


Innate Abilities, Weirdness & Mutations

You have a pair of horns on your head.
You have a somewhat thin skeletal structure. (Dex +2, Stealth)
You are partially covered in sharp spines.


Message History

You hit the ogre. Your headbutt misses the ogre.
The ogre is lightly wounded.
The ogre barely misses you.
You hit the ogre.
The ogre is moderately wounded.
The ogre is struck by your spines. The ogre hits you with a giant club!!
* * * LOW HITPOINT WARNING * * *
Press: ? - help, Shift-Dir - straight line, f - ogre
Aim: an ogre, wielding a giant club (moderately wounded, chance to defeat MR: 85%)
The ogre barely resists.
You are feeling hungry.
You block the ogre's attack.
Press: ? - help, Shift-Dir - straight line, f/p - ogre
Aim: an ogre, wielding a giant club (moderately wounded, chance to defeat MR: 85%)
You fail to use your ability.
Press: ? - help, Shift-Dir - straight line, f/p - ogre
Aim: an ogre, wielding a giant club (moderately wounded, chance to defeat MR: 85%)
You fail to use your ability.
The ogre is struck by your spines. The ogre hits you with a giant club!!
You die...

.................# #...#
.##........####..########...#####
# #........##...<.)..............
#...........#................(.
#.>......#..#..................
#.................#####...#####
#.......###.#..#..# #...# #
######### #.......# #...# #
####@#### #...# # #O# #...# # #.#
###...## # #.# #..).[.####
.$######.##.#.....
###.........#..###
#.#..###..#..### #.#..# #........
#....###.##..###


You could see an ogre.

Vanquished Creatures
  Edmund (D:4)
  Duvessa (D:5)
  A phantom (D:5)
  Dowan (D:5)
  A scorpion (D:5)
  A howler monkey (D:4)
  A crimson imp (D:5)
  A bullfrog zombie (D:5)
  3 worker ants (D:4)
  2 orc wizards (D:5)
  Robin (D:4)
  3 gnolls (D:3)
  A howler monkey skeleton (D:4)
  6 adders
  An ooze (D:5)
  An adder zombie (D:5)
  4 worms
  3 dart slugs
  2 leopard geckos (D:4)
  8 orcs
  3 giant cockroaches
  16 goblins
  9 hobgoblins
  10 jackals
  3 quokkas
  16 bats
  2 frilled lizards
  10 kobolds
  A leopard gecko zombie (D:5)
  13 rats
126 creatures vanquished.

Notes
Turn   | Place    | Note
-------+----------+-------------------------------------------
     0 | Abyss:1  | MovingMist the Demonspawn Abyssal Knight began the quest for the Orb.
     0 | Abyss:1  | Reached XP level 1. HP: 18/18 MP: 2/2
    20 | D:1      | Escaped the Abyss
    65 | D:1      | Reached skill level 1 in Dodging
    87 | D:1      | Gained mutation: You have a pair of small horns on your head. [demonic ancestry]
    87 | D:1      | Reached XP level 2. HP: 22/24 MP: 3/3
   408 | D:1      | Reached ** piety under Lugonu
   677 | D:2      | Reached skill level 3 in Invocations
   679 | D:2      | Gained mutation: You have a pair of horns on your head. [demonic ancestry]
   679 | D:2      | Reached XP level 3. HP: 29/29 MP: 5/5
  1038 | D:2      | Gained mutation: You are partially covered in sharp spines. [demonic ancestry]
  1038 | D:2      | Reached XP level 4. HP: 31/36 MP: 6/6
  1370 | D:3      | Reached *** piety under Lugonu
  1408 | D:3      | Reached skill level 4 in Invocations
  1478 | D:3      | Reached XP level 5. HP: 27/42 MP: 8/8
  2106 | D:4      | Found a hazy altar of Hepliaklqana.
  2242 | D:4      | Noticed Sigmund
  2245 | D:4      | Banished Sigmund
  2245 | D:4      | Reached XP level 6. HP: 37/48 MP: 9/9
  2325 | D:4      | Noticed Edmund
  2367 | D:4      | Killed Edmund
  2367 | D:4      | Reached skill level 5 in Invocations
  2588 | D:4      | Noticed Robin
  2619 | D:4      | Killed Robin
  2673 | D:4      | Reached skill level 6 in Invocations
  2681 | D:4      | Reached **** piety under Lugonu
  2681 | D:4      | Gained mutation: You have a somewhat thin skeletal structure. (Dex +2, Stealth) [demonic ancestry]
  2681 | D:4      | Reached XP level 7. HP: 30/55 MP: 11/11
  2913 | D:5      | Entered Level 5 of the Dungeon
  2926 | D:5      | Noticed Dowan
  2931 | D:5      | Noticed Duvessa
  2949 | D:5      | Killed Duvessa
  2963 | D:5      | Killed Dowan
  2991 | D:5      | Learned a level 3 spell: Confuse
  3173 | D:5      | Reached skill level 7 in Invocations
  3397 | D:5      | Reached skill level 5 in Fighting
  3592 | D:5      | Mangled by an ogre

Skill      XL: |  1  2  3  4  5  6  7 |
---------------+----------------------+-----
Dodging        | 1 2 3 |  3.9
Axes           | 2 3 |  3.9
Invocations    | 3 4 6 7 |  7.6
Fighting       | 4 5 |  5.0
Armour         | |  1.9

Action                   |  1- 3 |  4- 6 |  7- 9 || total
-------------------------+-------+-------+-------++-------
Melee: Hand axe          |   143 |   148 |    67 ||   358
       Headbutt          |    13 |    27 |    16 ||    56
Invok: Banish            |       |     1 |     1 ||     2
  Use: Scroll            |       |    10 |       ||    10
  Eat: Chunk             |     1 |     5 |     3 ||     9
Armor: Leather armour    |    16 |       |       ||    16
       Ring mail         |    83 |    53 |    32 ||   168
Dodge: Dodged            |   100 |    89 |    32 ||   221
Block: Buckler           |    14 |    32 |    12 ||    58
